 Dungeon Crawl Stone Soup version 0.29.1-12-g30fa7ad0bf (webtiles) character file.

Game seed: 91001106950064161

552104 Radix the Executioner (level 25, -4/253 HPs)
             Began as a Minotaur Berserker on Jan 14, 2023.
             Was the Champion of Trog.
             Slain by Tiamat
             ... wielding a +3 bardiche of protection
              (25 damage)
             ... on level 1 of the Realm of Zot on Jan 15, 2023.
             The game lasted 06:52:10 (57465 turns).

Radix the Executioner (Minotaur Berserker)         Turns: 57465, Time: 06:52:11

Health: -4/253     AC: 49    Str: 46      XL:     25   Next: 8%
Magic:  29/29      EV: 14    Int:  0 (4)  God:    Trog [******]
Gold:   5080       SH: 18    Dex: 14      Spells: 24/24 levels left

rFire   + + .      SeeInvis +   f - +8 mithril axe "Arga" {speed, Will+}
rCold   + . .      Faith    .   E - +1 kite shield {reflect}
rNeg    . . .      Spirit   .   e - +10 gold dragon scales
rPois   +          Reflect  +   H - +2 hat
rElec   +          Harm     .   J - +2 cloak {rPois}
rCorr   +          Rampage  ∞   Y - +2 pair of gloves of Xom's Approval {*Slow rPois rCorr Str+4 Dex+2}
Will    ++++.                   R - +3 pair of seven-league boots {Rampage+∞}
Stlth   ..........              S - amulet "Duigricw" {rElec rF+ Regen+ Stlth-}
HPRegen 2.32/turn               M - ring "Gisatus" {rElec MP-9 Str+2 SInv}
MPRegen 0.21/turn               V - ring of Fogusk {MP+9 Str+6 Dex+4}

@: mighty, strong-willed, regenerating, hasted and slowed, lost intelligence,
studying 2 skills, unable to read
A: horns 2, retaliatory headbutt, clumsy 1
}: 3/15 runes: decaying, serpentine, silver
a: Renounce Religion, Berserk, Trog's Hand, Brothers in Arms


You were on level 1 of the Realm of Zot.
You worshipped Trog.
Trog was exalted by your worship.
You visited 11 branches of the dungeon, and saw 47 of its levels.
You visited the Abyss 1 time.
You also visited: Ossuary, Ice Cave and Volcano.

You collected 10331 gold pieces.
You spent 5251 gold pieces at shops.

Inventory:

Hand Weapons
 f - the +8 mithril axe "Arga" (weapon) {speed, Will+}
   (Trog gifted it to you on level 3 of the Lair of Beasts)

   Attacks with this weapon are significantly faster.
   Will:      It increases your willpower.
 t - a +1 executioner's axe of flaming
 u - a +7 broad axe of venom
Missiles
 O - 8 silver javelins
Armour
 a - +0 shadow dragon scales
 e - +10 gold dragon scales (worn)
 E - a +1 kite shield of reflection (worn)
 H - a +2 hat (worn)
 J - a +2 cloak of poison resistance (worn)
 R - the +3 pair of seven-league boots (worn) {Rampage+∞}
   (You bought it in a shop on level 2 of the Orcish Mines)

   Its wearer moves as far as possible in that direction when moving towards
   enemies.
 Y - the +2 pair of gloves of Xom's Approval (worn) {*Slow rPois rCorr Str+4 Dex+2}
   (You bought it in a shop on level 4 of the Depths)

   Str:       It affects your strength (+4).
   Dex:       It affects your dexterity (+2).
   rPois:     It protects you from poison.
   rCorr:     It protects you from acid and corrosion.
   *Slow:     It may slow you when you take damage.
 Z - a +0 crystal plate armour of cold resistance
Jewellery
 d - a ring of flight
 l - the ring of Winter {rPois rC+ Int+3}
   (You found it on level 3 of the Crypt)

   [ring of poison resistance]

   Int:       It affects your intelligence (+3).
   rC:        It protects you from cold.
   rPois:     It protects you from poison.
 r - the necklace of Bloodlust {*Rage Will++ Int-3 Slay+6}
   (You found it on level 1 of the Orcish Mines)

   [amulet of nothing]

   It extends the wearer's berserk rage when killing foes.
   Int:       It affects your intelligence (-3).
   Slay:      It affects your accuracy & damage with ranged weapons and melee
   (+6).
   *Rage:     It berserks you when you make melee attacks (+50% chance).
   Will:      It greatly increases your willpower.
 D - the ring of Wishful Thinking {rPois rN+}
   (You found it on level 3 of the Crypt)

   [ring of positive energy]

   rPois:     It protects you from poison.
   rN:        It protects you from negative energy.
 M - the ring "Gisatus" (left hand) {rElec MP-9 Str+2 SInv}
   (You found it on level 1 of the Depths)

   [ring of see invisible]

   Str:       It affects your strength (+2).
   rElec:     It insulates you from electricity.
   MP:        It affects your magic capacity (-9).
   SInv:      It lets you see invisible.
 S - the amulet "Duigricw" (around neck) {rElec rF+ Regen+ Stlth-}
   (You bought it in a shop on level 2 of the Orcish Mines)

   [amulet of regeneration]

   rF:        It protects you from fire.
   rElec:     It insulates you from electricity.
   Regen:     It increases your rate of health regeneration.
   Stlth:     It makes you less stealthy.
 V - the ring of Fogusk (right hand) {MP+9 Str+6 Dex+4}
   (You found it on level 14 of the Dungeon)

   [ring of strength]

   Str:       It affects your strength (+6).
   Dex:       It affects your dexterity (+4).
   MP:        It affects your magic capacity (+9).
Wands
 m - a wand of iceblast (50)
 q - a wand of digging (3)
 s - a wand of mindburst (33)
 G - a wand of acid (15)
 I - a wand of flame (36)
Scrolls
 j - 5 scrolls of blinking
 k - a scroll of silence
 w - 21 scrolls of teleportation
 x - 7 scrolls of magic mapping
 z - a scroll of immolation
 A - 5 scrolls of fog
 L - a scroll of summoning
 U - 14 scrolls of poison
 X - 2 scrolls of fear
Potions
 b - 5 potions of invisibility
 c - 20 potions of curing
 h - 3 potions of ambrosia
 p - 5 potions of flight
 v - 14 potions of might
 B - 2 potions of cancellation
 C - 4 potions of magic
 N - 10 potions of mutation
 T - 3 potions of resistance
Miscellaneous
 g - a phial of floods
 i - a condenser vane
 n - a tin of tremorstones (2/2)
 o - a lightning rod (4/4)
 K - a phantom mirror
 P - a box of beasts (quivered)


   Skills:
 + Level 26.0 Fighting
 + Level 26.0 Axes
 + Level 22.4 Armour
 + Level 13.1 Dodging
 + Level 24.0 Shields
 - Level 9.5 Invocations
 + Level 17.2 Evocations


You had 24 spell levels left.
You didn't know any spells.
Your spell library was empty.

Dungeon Overview and Level Annotations

Branches:
Dungeon (15/15)            Temple (0/1) D:5            Lair (5/5) D:11
  Swamp (4/4) Lair:2        Snake (4/4) Lair:3        Slime (0/5) Lair:5
    Orc (2/2) D:12            Elf (3/3) Orc:2        Vaults (5/5) D:13
  Crypt (3/3) Vaults:2       Tomb (0/3) Crypt:3      Depths (4/4) D:15
   Hell (visited)             Dis (0/7) Hell            Geh (0/7) Hell
    Coc (0/7) Hell            Tar (0/7) Hell            Zot (1/5) Depths:4
Ossuary (visited)           IceCv (visited)         Volcano (visited)

Altars:
Elyvilon
Fedhas
Hepliaklqana
Kikubaaqudgha
Nemelex Xobeh
Qazlal
Trog
Uskayaw
Vehumet
Xom
Yredelemnul
Zin
The Shining One
Jiyva

Shops:
D:7 *=*   D:8 :   D:12 [   Orc:2 ?=![   Elf:1 (   Elf:3 [   Snake:1 =:==
Snake:2 ?=   Snake:3 [   Snake:4 ?   Vaults:2 (   Vaults:3 *   Vaults:4 ?
Depths:4 ![[**

Portals:
Hell: Depths:1 Depths:2 Depths:3 Depths:4
Abyss: Depths:2 Depths:3
Pandemonium: Orc:2 Depths:2
Ziggurat: Depths:2

Annotations:
Zot:1 Gadrel's ghost, legendary GrAM; Tiamat


Innate Abilities, Weirdness & Mutations

You have a pair of horns on your head.
You reflexively headbutt those who attack you in melee.
You are clumsy. (Dex -2)


Message History

You kill the green draconian!
Trog accepts your kill.
You slash the red draconian! You closely miss Tiamat.
Your headbutt misses Tiamat.
Tiamat is severely wounded.
You slash the red draconian!
You kill the red draconian!
Trog accepts your kill.
The yellow draconian annihilator gestures wildly while chanting.
The yellow draconian annihilator blinks!
Tiamat breathes fire at you. The searing blast hits you. You resist.
* * * LOW HITPOINT WARNING * * *
The white draconian breathes frost at you.
The blast of cold hits you. You resist.
* * * LOW HITPOINT WARNING * * *
You hit Tiamat but do no damage. You headbutt Tiamat!
Tiamat is severely wounded.
You cut Tiamat into ribbons!!! You headbutt Tiamat.
Tiamat is almost dead.
You hit Tiamat but do no damage. Your headbutt misses Tiamat.
Tiamat is almost dead.
You block the white draconian's attack. Tiamat breathes fire at you.
The searing blast hits you! You resist.
* * * LOW HITPOINT WARNING * * *
You slice Tiamat!!
Tiamat is almost dead.
You hit Tiamat but do no damage. You headbutt Tiamat, but do no damage.
Tiamat is almost dead.
You block the white draconian's attack.
The yellow draconian annihilator spits acid at you.
The glob of acid hits you! You resist.
* * * LOW HITPOINT WARNING * * *
Tiamat hits you with a +3 bardiche of protection!!!
* * * LOW HITPOINT WARNING * * *
Tiamat tail-slaps you but does no damage.
You feel better.
Tiamat hits you with a +3 bardiche of protection!!
You die...

#.#...# ##.... ##.
#.##...## ##......#.....
#.##....###....##.......
.###...........##.....#
#.##...........##.....#
#.###.........##......#
#..⌠#.........#.......#
#...............)....#
#.†.....###.○..q@d^..##
#.†............)))....#
#...............d.##..#
#..................#
....
###...........)......
... #..##.....#####.....
.# ########### ##..... #
#.#.. .#.##


You could see Tiamat (catching breath), a white draconian (catching breath) and
a yellow draconian annihilator (very poisoned, catching breath).

Vanquished Creatures
  A dread lich (Vaults:5)
  Josephina (Crypt:2)
  A royal mummy (Crypt:3)
  Sojobo (Crypt:2)
  Saint Roka (Crypt:2)
  Frederick (Vaults:4)
  Geryon (Hell)
  8 golden dragons
  2 profane servitors (Crypt:3)
  A bone dragon (Crypt:3)
  8 tentacled monstrosities
  Jorgrun (D:13)
  A tainted leviathan (Hell)
  Zenata (Vaults:1)
  4 deep elf blademasters (Elf:3)
  2 titans (Vaults:5)
  5 liches
  2 walking earthen tomes
  2 deep elf master archers (Elf:3)
  An ancient champion (Crypt:2)
  A quicksilver dragon (Vaults:5)
  10 tengu reavers
  6 sphinxes
  4 shadow dragons
  Kirke (Lair:5)
  2 draconian monks (Zot:1)
  3 azure jellies (IceCv)
  Donald (Swamp:4)
  2 storm dragons
  A rockslime (IceCv)
  6 nagarajas
  4 iron dragons
  A rockslime (shapeshifter) (Depths:2)
  5 fire giants
  2 draconian knights (Zot:1)
  A draconian scorcher (Depths:4)
  5 frost giants
  9 deep elf sorcerers
  A juggernaut zombie (Crypt:3)
  11 vault wardens
  4 curse skulls
  A caustic shrike zombie (Crypt:3)
  2 orc warlords
  2 angels (Depths:3)
  12 ironbound preservers
  14 ghouls
  5 quicksilver oozes (IceCv)
  7 war gargoyles
  6 deep elf elementalists
  A draconian annihilator (Depths:4)
  3 reapers (Hell)
  9 ironbound thunderhulks
  13 stone giants
  4 green draconians
  18 very ugly things
  5 vampire knights
  4 putrid mouths (Hell)
  7 deep elf demonologists
  An entropy weaver (shapeshifter) (Vaults:5)
  7 eleionomae
  2 black draconians
  6 red draconians
  5 spark wasps (Depths:1)
  10 deep elf annihilators
  4 yellow draconians
  2 crystal guardians
  6 dire elephants (Vaults:2)
  3 white draconians
  A minotaur (shapeshifter) (Depths:3)
  4 bunyips
  8 deep elf death magi
  An ettin (shapeshifter) (Depths:1)
  2 green deaths (Swamp:4)
  The ghost of Ihaveafatcat the Warrior, a journeyman MiFi of Gozag (D:10)
  3 blizzard demons (Hell)
  2 spriggan zombies
  7 eidola
  7 jiangshi
  2 quicksilver dragon zombies (Crypt:3)
  6 ettins
  16 fire dragons
  13 yaktaur captains
  A shambling mangrove (Swamp:3)
  3 peacekeepers
  7 deep elf high priests
  3 rakshasas
  14 ice dragons
  4 great orbs of eyes
  32 vault guards
  12 hydras
  4 hell beasts
  2 demonspawn (Orc:2)
  A ghost crab (Swamp:4)
  11 ironbound frosthearts
  8 boulder beetles
  3 ogre magi
  A salamander tyrant (Snake:4)
  10 anacondas
  3 catoblepae
  16 two-headed ogres
  14 naga warriors
  6 spriggan air magi
  6 death knights
  14 centaur warriors
  11 alligators
  Erica (D:8)
  6 vampire magi
  24 dancing weapons
  8 deep troll shamans
  7 spriggan berserkers
  10 tengu warriors
  11 deep troll earth magi
  3 soul eaters (Hell)
  20 hell knights
  8 shock serpents
  13 naga sharpshooters
  2 large abominations (Swamp:4)
  Sonja (D:12)
  13 sun demons
  The ghost of Pows the Trooper, a novice MiFi of Okawaru (D:7)
  7 orc high priests
  9 deep elf knights
  19 skeletal warriors
  4 wretched stars (Depths:3)
  A fire crab (shapeshifter) (D:13)
  4 sea snakes (Snake:1)
  A salamander mystic (Depths:3)
  A shadow wraith (Crypt:2)
  Lodul (D:12)
  A sea snake (shapeshifter) (Vaults:5)
  2 goliath frogs
  4 iron trolls
  47 deep trolls
  2 storm dragon skeletons (Depths:1)
  7 flayed ghosts
  2 orange crystal statues
  A spriggan druid (Swamp:3)
  5 swamp dragons
  A swamp dragon (shapeshifter) (D:15)
  19 ironbound convokers
  9 naga ritualists
  3 glowing orange brains
  11 bog bodies
  2 anaconda skeletons
  9 wizards
  11 orc knights
  23 phantasmal warriors
  35 deep elf pyromancers
  15 necromancers
  5 deep elf archers
  A harpy (shapeshifter) (D:13)
  20 mana vipers
  4 harpies (Vaults:1)
  5 lindwurms
  2 manticores
  6 orc sorcerers
  26 deep elf zephyrmancers
  A wolf spider (shapeshifter) (Depths:4)
  2 wolf spiders (Crypt:3)
  An iron dragon zombie (Crypt:3)
  4 will-o-the-wisps
  35 ugly things
  2 stone giant zombies
  2 oklob plants
  9 cyclopes
  5 salamanders
  3 fire giant zombies
  An eleionoma skeleton (Crypt:2)
  7 moths of wrath
  A salamander (shapeshifter) (D:15)
  A centaur zombie (Crypt:3)
  11 elephants
  2 guardian serpents (Snake:4)
  56 black mambas
  17 vault sentinels
  2 naga zombies (Crypt:3)
  A titan simulacrum (Crypt:1)
  Maurice (D:11)
  18 naga magi
  An alligator snapping turtle zombie (Crypt:3)
  2 ice statues (Hell)
  9 cane toads
  6 molten gargoyles
  9 rust devils
  6 smoke demons (Hell)
  7 komodo dragons
  5 torpor snails (Lair:5)
  A hellion (Hell)
  A torpor snail (shapeshifter) (Depths:3)
  An orange demon (Orc:2)
  An unseen horror (D:10)
  Psyche (D:8)
  An iron troll zombie (Crypt:2)
  A demonic crawler (Hell)
  2 kobold demonologists (D:13)
  14 freezing wraiths
  5 rime drakes
  An efreet (D:15)
  36 yaktaurs
  A guardian mummy (Crypt:3)
  10 trolls
  2 human skeletons (Vaults:3)
  2 ice devils
  A black draconian skeleton (Crypt:1)
  2 tengu conjurers
  3 harpy zombies (Crypt:3)
  A purple draconian skeleton (Crypt:1)
  5 hydra zombies
  A silent spectre (Orc:1)
  10 tyrant leeches
  43 slime creatures
  2 harpy skeletons (Crypt:1)
  16 hornets
  13 blink frogs
  A hydra skeleton (Crypt:1)
  Sigmund (D:3)
  3 alligator zombies (Hell)
  An iron dragon simulacrum (Crypt:2)
  6 dream sheep (Lair:3)
  2 alligator skeletons (Hell)
  An air elemental (Elf:1)
  An ettin zombie (Depths:1)
  9 flying skulls (Crypt:2)
  3 jumping spiders (Crypt:3)
  6 shadows
  A centaur simulacrum (Crypt:2)
  6 water elementals
  A naga simulacrum (Crypt:2)
  15 wraiths
  3 wyverns
  6 spriggans
  A spriggan skeleton (Depths:1)
  2 fire elementals
  A redback (Crypt:3)
  44 yaks
  5 basilisks
  A basilisk (shapeshifter) (Elf:3)
  6 hogs (Lair:5)
  2 redbacks (shapeshifter) (Vaults:5)
  4 steam dragons
  9 swamp worms
  14 vampire mosquitoes
  A harpy simulacrum (Crypt:2)
  An acid dragon (Lair:5)
  5 wargs
  A swamp worm (shapeshifter) (Elf:2)
  A fire bat zombie (Crypt:1)
  49 nagas
  13 water moccasins
  A hydra simulacrum (Crypt:1)
  A floating eye (Depths:2)
  A glowing shapeshifter zombie (Depths:1)
  4 hell hounds (Hell)
  3 swamp drakes
  4 sky beasts
  An ice beast (D:7)
  A dream sheep zombie (Crypt:2)
  22 orc warriors
  A floating eye zombie (Crypt:1)
  A black bear (D:5)
  4 great orb of eyes simulacra (IceCv)
  A small abomination (Swamp:4)
  An ettin simulacrum (Vaults:3)
  18 wolves
  20 ogres
  9 boggarts
  A dream sheep skeleton (Crypt:2)
  The ghost of hawla the Firebug, an amateur MeFE (D:4)
  A lindwurm skeleton (Crypt:2)
  9 centaurs
  2 phantoms
  5 slime creature simulacra (IceCv)
  An elf simulacrum (Vaults:3)
  3 kobold brigands (D:13)
  16 necrophages
  11 bullfrogs
  4 glowing shapeshifter simulacra (IceCv)
  7 water moccasin zombies
  3 scorpions
  10 wyvern skeletons (Crypt:3)
  9 wights
  6 killer bees (D:8)
  5 electric eels
  2 howler monkeys
  Crazy Yiuf (D:7)
  23 orc priests
  A bullfrog skeleton (Crypt:1)
  2 gnoll boudas
  6 hounds
  4 iguanas
  A basilisk zombie (Crypt:2)
  Natasha (thrice) (D:3)
  19 orc wizards
  13 hell rats (Hell)
  An ogre zombie (Crypt:2)
  A hound skeleton (Crypt:2)
  5 mummies
  6 gnolls
  11 adders
  A swamp drake skeleton (Crypt:1)
  4 white imps
  4 adder zombies (Ossuary)
  2 worms (D:2)
  2 dart slugs
  68 orcs
  6 bats
  5 endoplasms
  5 giant cockroaches
  4 gnoll zombies (Ossuary)
  4 goblins
  9 hobgoblins
  6 jackals
  6 ball pythons
  A ball python zombie (Crypt:1)
  2 frilled lizards
  A goblin zombie (D:8)
  4 hobgoblin zombies (Ossuary)
  8 kobolds
  2 kobold zombies (Ossuary)
  6 orc zombies
  6 rats
  2 fire vortices (Depths:3)
2070 creatures vanquished.

Vanquished Creatures (collateral kills)
  A death cob (Zot:1)
  3 nagarajas (Snake:4)
  A stone giant (Vaults:5)
  An ettin (Vaults:5)
  A hydra (Swamp:4)
  A demonspawn (Orc:2)
  2 ice dragons (Hell)
  A naga warrior (Snake:4)
  A deep troll earth mage (Vaults:5)
  An orc high priest (Orc:2)
  2 orc knights (Orc:2)
  2 moths of wrath (Zot:1)
  A naga mage (Snake:4)
  A slime creature (Swamp:4)
  2 nagas (Snake:4)
  5 orc warriors
  2 orc priests (Orc:2)
  An orc wizard (Orc:2)
  3 orcs (Orc:2)
32 creatures vanquished.

Vanquished Creatures (others)
  A frost giant (Vaults:5)
  A deep elf knight (Elf:3)
  A deep troll (Depths:2)
  A black mamba (Snake:2)
  A yaktaur (Volcano)
  2 bloated husks
  An orc wizard (Vaults:5)
  A hell rat (Hell)
  2 orcs (Vaults:5)
  14 foxfires
  13 fungi
  37 plants
  39 withered plants (Crypt:3)
114 creatures vanquished.

Grand Total: 2216 creatures vanquished

Notes
Turn   | Place    | Note
-------+----------+-------------------------------------------
     0 | D:1      | Radix the Minotaur Berserker began the quest for the Orb.
     0 | D:1      | Reached XP level 1. HP: 19/19 MP: 0/0
   376 | D:1      | Reached XP level 2. HP: 27/27 MP: 1/1
  1573 | D:2      | Reached XP level 3. HP: 31/34 MP: 2/2
  1628 | D:2      | Found a faded altar of an unknown god.
  2358 | D:3      | Reached ** piety under Trog
  2634 | D:3      | Found a shimmering altar of Xom.
  2640 | D:3      | Noticed Natasha
  2641 | D:3      | Killed Natasha
  2642 | D:3      | Reached skill level 5 in Fighting
  2642 | D:3      | Reached skill level 5 in Axes
  2642 | D:3      | Reached XP level 4. HP: 42/42 MP: 3/3
  2730 | D:3      | Noticed Natasha
  2748 | D:3      | Killed Natasha
  2817 | D:3      | Noticed Natasha
  2823 | D:3      | Killed Natasha
  2824 | D:3      | Reached XP level 5. HP: 20/48 MP: 4/4
  3027 | D:3      | Noticed Sigmund
  3039 | D:3      | Killed Sigmund
  3040 | D:3      | Reached XP level 6. HP: 41/58 MP: 5/5
  3287 | D:4      | Found a runed translucent door.
  3295 | D:4      | Noticed hawla's ghost (amateur MeFE)
  3363 | D:4      | Killed hawla's ghost
  3367 | D:4      | Found a runed translucent door.
  3708 | D:4      | Reached XP level 7. HP: 66/66 MP: 6/6
  3717 | D:4      | Found a sparkling altar of Nemelex Xobeh.
  3910 | D:5      | Entered Level 5 of the Dungeon
  3915 | D:5      | Found a staircase to the Ecumenical Temple.
  4081 | D:5      | Found a hide-covered altar of Uskayaw.
  4587 | D:6      | Reached *** piety under Trog
  4588 | D:6      | Reached XP level 8. HP: 56/75 MP: 7/7
  4916 | D:6      | Found a hazy altar of Hepliaklqana.
  5268 | D:7      | Found Owedygaj's Jewellery Boutique.
  5285 | D:7      | Reached skill level 10 in Fighting
  5285 | D:7      | Reached skill level 10 in Axes
  5320 | D:7      | Found Iveumnib's Assorted Antiques.
  5328 | D:7      | Bought a bloodstained hand axe for 240 gold pieces
  5328 | D:7      | Identified the +5 hand axe of the Dungeon {vorpal, Dex+6}
                  | (You bought it in a shop on level 7 of the Dungeon)
  5421 | D:7      | Found a runed translucent door.
  5422 | D:7      | Noticed Crazy Yiuf
  5429 | D:7      | Killed Crazy Yiuf
  5439 | D:7      | Identified the +8 hammer "Ycoru" {pain, +Blink rC+ Int+7
                  | Stlth-}
  5523 | D:7      | Found a runed translucent door.
  5526 | D:7      | Noticed Pows's ghost (novice MiFi)
  5549 | D:7      | Killed Pows's ghost
  5550 | D:7      | Reached XP level 9. HP: 32/89 MP: 8/8
  5856 | D:7      | Found Feblozan's Assorted Antiques.
  5863 | D:7      | Bought a scroll labelled EBELAUJ JEAS for 28 gold pieces
  5863 | D:7      | Bought a scroll labelled LUFAES YSHAF for 28 gold pieces
  6649 | D:8      | Noticed a boulder beetle
  6649 | D:8      | Noticed a purple ugly thing
  6656 | D:8      | Killed a boulder beetle
  6658 | D:8      | Killed a purple ugly thing
  6659 | D:8      | Reached XP level 10. HP: 100/100 MP: 9/9
  6695 | D:8      | Noticed a tengu warrior
  6695 | D:8      | Noticed a manticore
  6695 | D:8      | Noticed a boulder beetle
  6700 | D:8      | Killed a tengu warrior
  6712 | D:8      | Killed a manticore
  6790 | D:8      | Noticed Psyche
  6796 | D:8      | Killed Psyche
  6953 | D:8      | Found a glowing golden altar of the Shining One.
  6960 | D:8      | Found an ancient bone altar of Kikubaaqudgha.
  7011 | D:8      | Found a sand-covered staircase.
  7017 | Ossuary  | Entered an ossuary
  7120 | Ossuary  | Reached **** piety under Trog
  7259 | D:8      | Found Ozaw's Book Shop.
  7339 | D:8      | Noticed Erica
  7350 | D:8      | Killed Erica
  7377 | D:8      | Killed a boulder beetle
  7378 | D:8      | Reached XP level 11. HP: 63/111 MP: 10/10
  7869 | D:9      | Noticed a two-headed ogre
  7879 | D:9      | Killed a two-headed ogre
  8369 | D:9      | Found a stormy altar of Qazlal.
  8561 | D:10     | Entered Level 10 of the Dungeon
  8561 | D:10     | Found a transporter.
  8563 | D:10     | Noticed a two-headed ogre
  8566 | D:10     | Noticed a death knight
  8568 | D:10     | Noticed an orc knight
  8568 | D:10     | Identified the +1 quarterstaff of Popular Demand {holy,
                  | Int+2}
  8568 | D:10     | Noticed a centaur warrior
  8568 | D:10     | Noticed Ihaveafatcat's ghost (journeyman MiFi)
  8590 | D:10     | Noticed an oklob plant
  8598 | D:10     | Reached skill level 15 in Fighting
  8598 | D:10     | Reached skill level 15 in Axes
  8606 | D:10     | Found a blossoming altar of Fedhas.
  8806 | D:10     | Found a transporter.
  8868 | D:10     | Identified the +7 war axe "Hurafeudd" {vorpal, *Rage rElec
                  | rPois}
  9054 | D:11     | Noticed a two-headed ogre
  9057 | D:11     | Noticed a seven-headed hydra
  9062 | D:11     | Killed a two-headed ogre
  9068 | D:11     | Killed a 14-headed hydra
  9331 | D:11     | Reached skill level 5 in Armour
  9377 | D:11     | Noticed Maurice
  9388 | D:11     | Killed Maurice
  9398 | D:11     | Found a staircase to the Lair.
  9677 | D:11     | Noticed a two-headed ogre
  9681 | D:11     | Killed a two-headed ogre
 10418 | D:12     | Noticed Lodul
 10446 | D:12     | Killed Lodul
 10447 | D:12     | Reached skill level 1 in Evocations
 10447 | D:12     | Reached XP level 12. HP: 104/122 MP: 11/11
 10540 | D:12     | Found a radiant altar of Vehumet.
 10570 | D:12     | Noticed Sonja
 10575 | D:12     | Killed Sonja
 10670 | D:12     | Found a staircase to the Orcish Mines.
 10739 | D:12     | Found Saisagi's Armour Emporium.
 10743 | D:12     | Bought a +0 pair of gloves for 72 gold pieces
 11022 | D:12     | Reached ***** piety under Trog
 11534 | Lair:1   | Entered Level 1 of the Lair of Beasts
 11605 | Lair:1   | Reached skill level 1 in Shields
 13197 | Lair:2   | Found a staircase to the Swamp.
 13237 | Lair:2   | Reached XP level 13. HP: 132/132 MP: 12/12
 14254 | Lair:3   | Reached skill level 5 in Shields
 14755 | Lair:3   | Reached skill level 5 in Evocations
 14813 | Lair:3   | Received a gift from Trog
 14814 | Lair:3   | Found the +8 mithril axe "Arga" {speed, Will+}
 15208 | Lair:3   | Found a staircase to the Snake Pit.
 15706 | Lair:4   | Reached skill level 10 in Armour
 16775 | Lair:5   | Entered Level 5 of the Lair of Beasts
 17033 | Lair:5   | Noticed Kirke
 17048 | Lair:5   | Noticed a sphinx
 17048 | Lair:5   | Killed Kirke
 17049 | Lair:5   | Reached XP level 14. HP: 139/141 MP: 13/13
 17125 | Lair:5   | Found a viscous altar of Jiyva.
 17125 | Lair:5   | Found a staircase to the Slime Pits.
 17151 | Lair:5   | Found a dark tunnel.
 17160 | Volcano  | Entered a volcano
 17267 | Volcano  | Found a bloodstained altar of Trog.
 18371 | Lair:5   | Found a runed translucent door.
 18478 | Lair:5   | Reached ****** piety under Trog
 19314 | Orc:1    | Entered Level 1 of the Orcish Mines
 19330 | Orc:1    | Found a transporter.
 19344 | Orc:1    | Found a transporter.
 19344 | Orc:1    | Found a runed translucent door.
 19344 | Orc:1    | Found a bloodstained altar of Trog.
 19344 | Orc:1    | Noticed a stone giant
 19344 | Orc:1    | Found the necklace of Bloodlust {*Rage Will++ Int-3 Slay+6}
 19368 | Orc:1    | Killed a stone giant
 19368 | Orc:1    | Received a gift from Trog
 19647 | Orc:1    | Noticed a deep elf elementalist
 19668 | Orc:1    | Noticed a deep elf elementalist
 19680 | Orc:1    | Identified the +7 great sword of the Hundredfold Mice
                  | {freeze, Int+5}
 20502 | Orc:1    | Killed a deep elf elementalist
 20531 | Orc:1    | Killed a deep elf elementalist
 20911 | Orc:2    | Entered Level 2 of the Orcish Mines
 21138 | Orc:2    | Found Leenlod's Magic Scroll Shop.
 21141 | Orc:2    | Found Bieggudd's Distillery.
 21147 | Orc:2    | Received a gift from Trog
 21280 | Orc:2    | Gained mutation: You are clumsy. (Dex -2) [a neqoxec]
 21287 | Orc:2    | Reached XP level 15. HP: 150/150 MP: 14/14
 21313 | Orc:2    | Reached skill level 10 in Shields
 21335 | Orc:2    | Found Kuetzec's Jewellery Shoppe.
 21335 | Orc:2    | Found Raaff's Antique Armour Emporium.
 21335 | Orc:2    | Found a one-way gate leading to the halls of Pandemonium.
 21581 | Orc:2    | Bought the +3 pair of seven-league boots {Rampage+∞} for
                  | 1160 gold pieces
 21581 | Orc:2    | Found the +3 pair of seven-league boots {Rampage+∞}
 21593 | Orc:2    | Bought the amulet "Duigricw" {rElec rF+ Regen+ Stlth-} for
                  | 644 gold pieces
 21670 | Orc:2    | Found a staircase to the Elven Halls.
 21670 | Orc:2    | Noticed an orc warlord
 21680 | Orc:2    | Killed an orc warlord
 21883 | Orc:2    | Bought a scroll of enchant armour for 127 gold pieces
 21883 | Orc:2    | Bought a scroll of enchant armour for 127 gold pieces
 22340 | Swamp:1  | Entered Level 1 of the Swamp
 22921 | Swamp:2  | Received a gift from Trog
 23559 | Swamp:3  | Found a frozen archway.
 23566 | IceCv    | Entered an ice cave
 23681 | IceCv    | Identified the +1 leather armour of Lust {rF+}
 23684 | IceCv    | Reached XP level 16. HP: 153/161 MP: 15/15
 24194 | IceCv    | Found a viscous altar of Jiyva.
 24263 | IceCv    | Identified the ring of Beogh's Displeasure {rF+ rN++ MP+9
                  | Int-5 Slay+5}
 24265 | IceCv    | Identified the ring of Widoel {+Blink rF+ Will+}
 24364 | Swamp:3  | Lost intelligence.
 24656 | Swamp:3  | Identified the +1 morningstar of Vyentipn {vorpal, Fragile
                  | rElec rC+}
 24905 | Swamp:4  | Entered Level 4 of the Swamp
 25101 | Swamp:4  | Reached skill level 10 in Evocations
 25126 | Swamp:4  | Noticed Donald
 25277 | Swamp:4  | Killed Donald
 25400 | Swamp:4  | Received a gift from Trog
 25894 | Swamp:4  | Got a decaying rune of Zot
 26220 | Snake:1  | Entered Level 1 of the Snake Pit
 26286 | Snake:1  | Found Tuwiocuuq's Jewellery Emporium.
 26287 | Snake:1  | Found Lubog's Book Shop.
 26288 | Snake:1  | Found Epnoph's Jewellery Emporium.
 26469 | Snake:1  | Found a runed translucent gate.
 26469 | Snake:1  | Found a runed translucent gate.
 26469 | Snake:1  | Found a runed translucent gate.
 26488 | Snake:1  | Reached XP level 17. HP: 170/171 MP: 16/16
 26500 | Snake:1  | Reached skill level 15 in Armour
 27188 | Snake:1  | Found Jysk's Jewellery Boutique.
 27418 | Snake:2  | Reached skill level 1 in Invocations
 27449 | Snake:2  | Received a gift from Trog
 27653 | Snake:2  | Found Keuzxuh's Jewellery Emporium.
 27665 | Snake:2  | Found Kuogot's Magic Scroll Shoppe.
 28213 | Snake:3  | Found Vekhleling's Antique Armour Boutique.
 29379 | Snake:4  | Entered Level 4 of the Snake Pit
 29380 | Snake:4  | Found Hollagad's Magic Scroll Shop.
 29426 | Snake:4  | Received a gift from Trog
 29791 | Snake:4  | Reached XP level 18. HP: 168/182 MP: 20/20
 30086 | Snake:4  | Identified the +0 scale mail of Wu Jian's Favour {Rampage}
 30109 | Snake:4  | Reached skill level 5 in Invocations
 30193 | Snake:4  | Got a serpentine rune of Zot
 30247 | Snake:4  | Received a gift from Trog
 30848 | D:10     | Killed Ihaveafatcat's ghost
 31283 | Orc:2    | Bought a scroll of acquirement for 884 gold pieces
 31311 | Orc:2    | Acquired a manual of Shields
 31472 | D:13     | You fall into a shaft and drop 2 floors!
 31472 | D:15     | Entered Level 15 of the Dungeon
 31560 | D:15     | Found a staircase to the Depths.
 31734 | D:15     | Reached skill level 15 in Shields
 31900 | D:15     | Found a basalt altar of Yredelemnul.
 32644 | D:14     | Identified the +7 scimitar of Burnt Exoneration {freeze,
                  | rPois rC+}
 32694 | D:14     | Identified the ring of Fogusk {MP+9 Str+6 Dex+4}
 33413 | D:13     | Received a gift from Trog
 33414 | D:13     | Noticed Jorgrun
 33426 | D:13     | Killed Jorgrun
 33584 | D:13     | Reached XP level 19. HP: 191/191 MP: 23/23
 33758 | D:13     | Found a gate to the Vaults.
 33966 | Vaults:1 | Entered Level 1 of the Vaults
 34324 | Vaults:1 | Received a gift from Trog
 34809 | Vaults:1 | Noticed Zenata
 34823 | Vaults:1 | Killed Zenata
 34944 | Vaults:1 | Identified the +6 falchion of Integrity {protect, *Rage
                  | rPois rF+}
 35710 | Vaults:2 | Received a gift from Trog
 35972 | Vaults:2 | Found a staircase to the Crypt.
 35972 | Vaults:2 | Found a basalt altar of Yredelemnul.
 35973 | Vaults:2 | Found an ancient bone altar of Kikubaaqudgha.
 36076 | Vaults:2 | Found Kunaig's Weapon Emporium.
 36199 | Vaults:2 | Identified the +7 trident of Harmony {flame, rF- rC+ Int+4}
 36458 | Vaults:2 | Reached XP level 20. HP: 175/202 MP: 25/25
 37547 | Vaults:3 | Found Anodaemn's General Store.
 38383 | Vaults:4 | Received a gift from Trog
 38436 | Vaults:4 | Found Satot's Magic Scroll Boutique.
 38441 | Vaults:4 | Bought a scroll of acquirement for 1144 gold pieces
 38442 | Vaults:4 | Acquired 702 gold pieces
 38969 | Vaults:4 | Noticed Frederick
 38986 | Vaults:4 | Killed Frederick
 39859 | Depths:1 | Entered Level 1 of the Depths
 39863 | Depths:1 | Received a gift from Trog
 40080 | Depths:1 | Found a gateway to Hell.
 40464 | Depths:1 | Identified the +1 ring mail of Lelul {rF+ Int+2}
 40476 | Depths:1 | Identified the ring "Gisatus" {rElec MP-9 Str+2 SInv}
 40643 | Depths:1 | Found a shimmering altar of Xom.
 41079 | Depths:2 | Received a gift from Trog
 41204 | Depths:2 | Reached XP level 21. HP: 144/211 MP: 27/27
 41272 | Depths:2 | Identified the +1 robe of Daisies {Rampage rC- Str+8 Dex-5}
 41273 | Depths:2 | Found a one-way gate to the infinite horrors of the Abyss.
 41528 | Depths:2 | Found a one-way gateway to a ziggurat.
 41725 | Depths:2 | Found a runed translucent door.
 41731 | Depths:2 | Found a runed translucent door.
 41791 | Depths:2 | Identified the +3 spear "Upeim" {vorpal, Fragile Str+8
                  | Stlth+}
 42276 | Depths:2 | Noticed a golden dragon
 42285 | Depths:2 | Killed a golden dragon
 42355 | Depths:2 | Reached skill level 5 in Dodging
 42626 | Depths:3 | Found a runed translucent gate.
 42626 | Depths:3 | Found a runed translucent gate.
 42626 | Depths:3 | Found a runed translucent gate.
 42680 | Depths:3 | Noticed a golden dragon
 42704 | Depths:3 | Noticed a golden dragon
 42744 | Depths:3 | Found a runed translucent gate.
 42744 | Depths:3 | Found a runed translucent gate.
 42744 | Depths:3 | Found a runed translucent gate.
 42774 | Depths:3 | Received a gift from Trog
 42781 | Depths:3 | Killed a golden dragon
 42801 | Depths:3 | Killed a golden dragon
 43209 | Depths:3 | Found the +1 cloak of Starlight {*Dazzle EV+4 Stlth--}
 43687 | Depths:4 | Entered Level 4 of the Depths
 43687 | Depths:4 | Found Vica's Distillery.
 43705 | Abyss:3  | Cast into level 3 of the Abyss (green draconian)
 43777 | Depths:4 | Escaped the Abyss
 43950 | Depths:4 | Found a gate to the Realm of Zot.
 43968 | Depths:4 | Found Nuadul's Assorted Antiques.
 43987 | Depths:4 | Found Gorphev's Antique Armour Shoppe.
 43988 | Depths:4 | Found Ikiarun's Antique Armour Shoppe.
 44227 | Depths:4 | Bought a pair of spiked gloves for 408 gold pieces
 44227 | Depths:4 | Identified the +2 pair of gloves of Xom's Approval {*Slow
                  | rPois rCorr Str+4 Dex+2} (You bought it in a shop on level
                  | 4 of the Depths)
 44227 | Depths:4 | Noticed a golden dragon
 44238 | Depths:4 | Killed a golden dragon
 44239 | Depths:4 | Reached XP level 22. HP: 146/222 MP: 28/28
 44245 | Depths:4 | Received a gift from Trog
 44387 | Depths:4 | Found Avytam's General Store.
 44453 | Depths:4 | Bought a scroll of enchant armour for 142 gold pieces
 44453 | Depths:4 | Bought a potion of heal wounds for 95 gold pieces
 44453 | Depths:4 | Bought a potion of invisibility for 152 gold pieces
 44754 | Depths:4 | Found a glowing golden altar of the Shining One.
 44754 | Depths:4 | Found a glowing silver altar of Zin.
 44755 | Depths:4 | Found a white marble altar of Elyvilon.
 44999 | Hell     | Entered the Vestibule of Hell
 44999 | Hell     | Noticed Geryon
 45012 | Hell     | Killed Geryon
 45043 | Hell     | Reached skill level 15 in Evocations
 45135 | Hell     | Received a gift from Trog
 45165 | Hell     | HP: 14/334 [poison (dark miasma)]
 45167 | Hell     | HP: 6/334 [poison (dark miasma)]
 45169 | Hell     | HP: 2/223 [poison (dark miasma)]
 45298 | Hell     | Found a gateway to the ashen valley of Gehenna.
 45360 | Hell     | Found a gateway to the decaying netherworld of Tartarus.
 45489 | Hell     | Found a gateway to the Iron City of Dis.
 45642 | Hell     | Found a gateway to the freezing wastes of Cocytus.
 46222 | Elf:1    | Entered Level 1 of the Elven Halls
 46333 | Elf:1    | Identified the +12 war axe "Qodeic" {vorpal, *Corrode rElec
                  | Str+3} (Trog gifted it to you on level 1 of the Elven
                  | Halls)
 46333 | Elf:1    | Received a gift from Trog
 46349 | Elf:1    | Identified the +1 buckler of Uskayaw's Inspiration {Contam
                  | Regen+ Int+4}
 46414 | Elf:1    | Identified the +6 great mace "Newtslayer" {vorpal, rCorr
                  | SInv}
 46574 | Elf:1    | Found Onataw's Antique Weapon Emporium.
 46863 | Elf:1    | Identified the +10 rapier of Raexaiz {vamp, Str+2}
 47170 | Elf:2    | Received a gift from Trog
 47419 | Elf:2    | Found a huge runed translucent gate.
 47419 | Elf:2    | Found a huge runed translucent gate.
 47419 | Elf:2    | Found a huge runed translucent gate.
 47419 | Elf:2    | Found a huge runed translucent gate.
 47420 | Elf:2    | Found a huge runed translucent gate.
 47647 | Elf:2    | Received a gift from Trog
 47939 | Elf:3    | Entered Level 3 of the Elven Halls
 48005 | Elf:3    | Reached XP level 23. HP: 225/232 MP: 29/29
 48047 | Elf:3    | Found Dechib's Antique Armour Shoppe.
 48545 | Elf:3    | Identified the ring of Kowelozi {+Blink Str+6 Int-4 Stlth+}
 48554 | Elf:3    | Reached skill level 10 in Dodging
 48630 | Elf:3    | Identified the +6 morningstar of Kaidgh {venom, rN+ SInv}
 48660 | Elf:3    | Identified the +10 morningstar of an ossuary {flame, rPois
                  | Dex+2}
 48670 | Elf:3    | Identified the ring "Torr" {Ice Str+8 Int-4 Dex-5 SInv}
 48703 | Elf:3    | Identified the +3 battleaxe of Kylag {vorpal, rF+}
 48736 | Elf:3    | Identified the +3 quarterstaff "Rummage" {venom, rElec rF-
                  | Int+5 Stlth+}
 48746 | Elf:3    | Identified the ring "Damnable Contraption" {Dex+6 SInv}
 48775 | Elf:3    | Identified the +3 morningstar "Hellblazer" {freeze, rPois
                  | MP+9}
 49000 | Elf:3    | Identified the +3 shortbow of the Swamp {flame, rF- rC+
                  | Will++ SInv}
 49032 | Elf:3    | Identified the +6 dagger of Qoerog {pain, rF- rCorr Str+9
                  | Dex+5}
 49033 | Elf:3    | Identified the +1 robe of Vlad {Will+ Dex+3}
 50067 | Vaults:5 | Entered Level 5 of the Vaults
 50078 | Vaults:5 | Received a gift from Trog
 50187 | Vaults:5 | Paralysed by a sphinx for 4 turns
 50259 | Vaults:5 | Received a gift from Trog
 50265 | Vaults:5 | Noticed a dread lich
 50344 | Vaults:5 | Killed a dread lich
 50418 | Vaults:5 | Identified the +8 lajatang of Division {vorpal, rCorr Str-5
                  | Int+5 Dex+3}
 50431 | Vaults:5 | Received a gift from Trog
 50444 | Vaults:5 | Reached XP level 24. HP: 60/243 MP: 29/29
 50465 | Vaults:5 | Identified the +5 great sword of Zin's Envy {holy, rN+
                  | Str-2 SInv Stlth+}
 50479 | Vaults:5 | HP: 1/243 [deep troll earth mage/blast of crystal shards
                  | (23)]
 50515 | Vaults:5 | Identified the +1 chain mail "Qaul" {Will+}
 50625 | Vaults:5 | Identified the +1 scale mail of Resilience {Rampage rN+
                  | SInv}
 50669 | Vaults:5 | Identified the +9 quarterstaff "Ysent" {vorpal, rElec rN+
                  | SInv}
 50884 | Vaults:5 | Identified the ring "Dacrian" {rPois rF- rC+ Str-2 SInv}
 51748 | Vaults:5 | Got a silver rune of Zot
 51864 | Vaults:5 | Found the +7 great mace "Undeadhunter" {disrupt, rN+}
 52650 | Crypt:1  | Entered Level 1 of the Crypt
 52965 | Crypt:1  | You fall into a shaft and drop 1 floor!
 53048 | Crypt:2  | Noticed Sojobo
 53062 | Crypt:2  | Killed Sojobo
 53145 | Crypt:2  | Noticed Saint Roka
 53153 | Crypt:2  | Killed Saint Roka
 53282 | Crypt:2  | Identified the ring "Midudoc" {Ice Contam Str+7 Int-2 SInv}
 53282 | Crypt:2  | Noticed Josephina
 53291 | Crypt:2  | Killed Josephina
 53583 | Crypt:2  | Received a gift from Trog
 54209 | Crypt:3  | Entered Level 3 of the Crypt
 54443 | Crypt:3  | Noticed a royal mummy
 54443 | Crypt:3  | Found a staircase to the Tomb.
 54457 | Crypt:3  | Killed a royal mummy
 54457 | Crypt:3  | Lost intelligence.
 54950 | Crypt:3  | Identified the ring of Wishful Thinking {rPois rN+}
 55037 | Crypt:3  | Found a basalt altar of Yredelemnul.
 55301 | Crypt:3  | Identified the ring of Winter {rPois rC+ Int+3}
 55380 | Crypt:3  | Received a gift from Trog
 55691 | Crypt:3  | Found the +4 dagger "Morg" {pain, Will+ Int+5}
 57240 | Zot:1    | Entered Level 1 of the Realm of Zot
 57259 | Zot:1    | Reached XP level 25. HP: 206/253 MP: 29/29
 57380 | Zot:1    | Identified the -2 cloak of Saen {rF+ rC+ Str+2 Int-5}
 57381 | Zot:1    | Identified the +0 cloak "Vyghur" {Will+ Int+2}
 57381 | Zot:1    | Noticed Gadrel's ghost (legendary GrAM)
 57382 | Zot:1    | Found a bloodstained altar of Trog.
 57424 | Zot:1    | Found the +4 dragonskin cloak
 57424 | Zot:1    | Noticed Tiamat
 57443 | Zot:1    | Lost intelligence.
 57464 | Zot:1    | HP: 12/253 [Tiamat/+3 bardiche of protection (36)]
 57465 | Zot:1    | Slain by Tiamat

Illustrated notes

Levels and vault maps discovered:
D:1:      minmay_arrival_diagonal_passages, layout_basic
D:2:      layout_basic, shapermc_ecumenical_altar_flowoftime
D:3:      layout_basic, mainiacjoe_overflow_brackets, serial_curves,
          eino_curves_03, eino_curves_03, eino_curves_02, eino_curves_03,
          uniq_natasha, uniq_sigmund
D:4:      layout_cave_pools, nemelex_dance_club_becter, ebering_ghost_sewer_f,
          minmay_fractal_squares_5
D:5:      layout_basic, nicolae_uskayaw_murder_on_the_dancefloor,
          minmay_temple_entry_wispy
D:6:      layout_rooms, nicolae_hepliaklqana_hazy_memory
D:7:      layout_cave_pools, hellmonk_ghost_happy_afterlife, serial_shops,
          nicolae_shop_crystal, shop_fountains, nicolae_diamond_shop,
          chequers_big_river, uniq_crazy_yiuf_cottage
D:8:      nzn_winding_woodlands_small [nzn_winding_woodlands_5x15_longhouse,
          nzn_winding_woodlands_center_lodge,
          nzn_winding_woodlands_5x15_pockets], layout_cave_pools,
          mainiacjoe_overflow_big_doors, nicolae_ossuary_entry_giza,
          serial_shops, shop, uniq_psyche, uniq_erica
D:9:      layout_basic, nicolae_qazlal_style_of_elements
D:10:     layout_cave_pools, fedhas_altar_3, nzn_ghost_randoct,
          bh_walls_and_bars
D:11:     layout_basic, erik_lair_island, kennysheep_nub, uniq_maurice
D:12:     layout_stronghold, orc_0_dummy, serial_shops, shop,
          fiery_altar_vehumet, uniq_sonja, uniq_lodul
D:13:     layout_rooms, hangedman_vaults_entry_quadrant_bands,
          minmay_misc_feat_nine_boxes, uniq_jorgrun
D:14:     layout_irregular_city, minmay_misc_feat_diagonals
D:15:     grunt_enter_depths_hoard, layout_gridville, palyth_stone_intersect,
          nicolae_lava_and_water, yredelemnul_altar_generic
Lair:1:   layout_roguey, minmay_lair_oklob_items, infiniplex_staircase_pool_2
Lair:2:   layout_gridlike, swamp_mist, beast_lair_carwin_9, serial_bayou_shore_a
Lair:3:   layout_cave_pods, minmay_snake_entry_guardpost_small,
          lemuel_fruit_fields, grunt_megastairs_3
Lair:4:   layout_cave_pods
Lair:5:   guppyfry_lair_end_dragon, layout_cave_pods, wormcave, slime_entry_1,
          enter_volcano_2, st_stairs_3, grunt_megastairs_5, uniq_kirke
Swamp:1:  layout_falls_marsh, evilmike_swamp_ruin_rubble_1
Swamp:2:  layout_falls_marsh, nicolae_swamp_round_clearing
Swamp:3:  layout_basic_swamp, portal_ice_cave_entry_pillars_four,
          evilmike_swamp_ruin_house_3, swamp_pool1
Swamp:4:  swamp_vile, layout_basic_swamp, uniq_donald
Snake:1:  layout_chambers, serial_shops, nicolae_shop_statue_plus,
          nicolae_snake_horde_hoard, lemuel_fruit_tree, minmay_shop_grove
Snake:2:  layout_layer_cave, grunt_megastairs_2, minmay_shoptagon
Snake:3:  layout_chambers, serial_shops, nicolae_shop_waterfront
Snake:4:  minmay_snake_end_coiled, layout_grid_shapes, serial_shops,
          nicolae_shop_waterfront, hangedman_venom_bottle
Orc:1:    emtedronai_trogs_sanctum, layout_caves, minmay_orc_temple_a
Orc:2:    pf_orc_diabolical, layout_caves, mines1_david
Elf:1:    eino_elf_arrival_the_gate, layout_geoelf_grid, serial_shops, shop,
          minmay_elf_demonology
Elf:2:    elven_hall_of_blades_hangedman_alternative [grunt_blade_entry_basic],
          layout_loops_ring
Elf:3:    minmay_elf_hall_quartered_circle, layout_onion_city, serial_shops,
          nicolae_shop_stone
Vaults:1: nicolae_vaults_network_barrier, nicolae_vaults_little_squares_6,
          v_pattern_1, v_misc_23, v_rooms_5, v_misc_18, v_misc_25,
          hangedman_vaults_impose, v_misc_17, layout_vaults_quadrants,
          uniq_zenata
Vaults:2: nicolae_vaults_little_squares_3, v_alt_pattern_4,
          minmay_crypt_entry_necro_gods, v_misc_18,
          nicolae_vaults_little_squares_5, v_misc_33,
          hangedman_vaults_corner_blocks, vaults_mumra_lcd,
          nicolae_vaults_mini_display_case, vaults_room_pool,
          dpeg_vaults_hating_casters, nicolae_vaults_windows_and_doors_thing,
          nicolae_vaults_bisected_slash, nicolae_vaults_little_ls,
          vaults_room_corners, hangedman_vaults_locks, ontoclasm_vaults_fault,
          layout_vaults_omnibox, serial_shops, nicolae_shop_bloodbath_and_beyond
Vaults:3: v_rooms_6, ontoclasm_vaults_claustrophobia, vaults_dpeg_cross,
          v_misc_27, v_misc_1, layout_vaults_chaotic_city, serial_shops,
          nicolae_square_shop
Vaults:4: v_misc_23, nicolae_vaults_rhombus_6, nicolae_vaults_angled_halls,
          v_misc_19, hangedman_vaults_stream, v_misc_13, hangedman_vaults_maws,
          v_misc_14, ontoclasm_vaults_decontamination, layout_vaults_omnicross,
          serial_shops, nicolae_shop_hallway_stairs, uniq_frederick
Vaults:5: serial_shops
Crypt:1:  layout_gridlike
Crypt:2:  layout_regular_city, uniq_saint_roka, uniq_sojobo, uniq_josephina
Crypt:3:  evilmike_haunted_forest
Depths:1: layout_gridville, hell_entry, minmay_misc_feat_room,
          hellmonk_bongcloud_opening, minmay_misc_feat_columns, tgw_xom
Depths:2: thingy_vault_2, layout_cave_shapes, enter_ziggurat_b,
          kennysheep_cross_room, abyss_entry_crystal, pan_entry, hell_entry,
          infiniplex_staircase_trident
Depths:3: kennysheep_treasure_stockpile, layout_basic,
          hangedman_abyss_or_decor_slice, grunt_hell_entry_dis_mu, abyss_entry,
          hellmonk_guarded_unrand_starlight
Depths:4: grunt_crosshair, layout_twisted_cross, serial_shops,
          nicolae_shop_trees, nicolae_shop_temple_entry_statues_fountains,
          nicolae_square_shop, shop, shop, serial_rivers,
          chequers_serial_rivers_room_a, chequers_serial_rivers_small_3,
          chequers_serial_rivers_micro_a, chequers_serial_rivers_micro_e,
          chequers_serial_rivers_room_b, chequers_serial_rivers_small_b,
          good_gods_temple_1, hell_entry, lemuel_flamethrower_3
Hell
Zot:1:    layout_cathedral_of_symmetry, gammafunk_ghost_wrathful_warriors,
          st_stairs_14, bh_zot_lava_cross, grunt_megastairs_1, uniq_tiamat

Skill      XL: |  1  2  3  4  5  6  7  8  9 10 11 12 13 14 15 16 17 18 19 20 21 22 23 24 25 |
---------------+----------------------------------------------------------------------------+-----
Fighting       | 4 5 6 7 8 11 12 14 16 17 18 19 20 21 22 23 24 25 26 | 26.0
Axes           | 4 5 6 7 8 11 12 14 16 17 18 19 20 21 22 23 24 25 26 | 26.0
Armour         | 6 8 10 12 13 14 15 16 17 18 19 20 21 22 | 22.4
Evocations     | 1 4 6 8 9 10 11 12 13 14 15 16 17 | 17.2
Shields        | 4 7 9 11 13 14 16 18 19 21 22 23 24 | 24.0
Invocations    | 4 6 8 9 |  9.5
Dodging        | 4 7 9 11 13 | 13.1

Action                   |  1- 3 |  4- 6 |  7- 9 | 10-12 | 13-15 | 16-18 | 19-21 | 22-24 | 25-27 || total
-------------------------+-------+-------+-------+-------+-------+-------+-------+-------+-------++-------
Melee: Hand axe          |    84 |    32 |    78 |   367 |       |       |       |       |       ||   561
       Headbutt          |     8 |     6 |    26 |   108 |   172 |   240 |   410 |   440 |    18 ||  1428
       Halberd           |       |    34 |    85 |       |       |       |       |       |       ||   119
       Punch             |       |       |     1 |     3 |       |       |       |       |       ||     4
       War axe           |       |       |       |    42 |    52 |       |       |       |       ||    94
       Broad axe         |       |       |       |       |   722 |  1158 |  1388 |  1474 |    49 ||  4791
Throw: Throwing net      |       |       |       |       |     1 |       |       |       |       ||     1
       Dart              |       |       |       |       |     2 |       |       |       |       ||     2
       Javelin           |       |       |       |       |       |       |     2 |       |       ||     2
Invok: Berserk           |       |     1 |     2 |     3 |       |     3 |     1 |     2 |       ||    12
       Trog's Hand       |       |       |     3 |     6 |     6 |    12 |     6 |    12 |     2 ||    47
       Brothers in Arms  |       |       |       |       |     3 |     6 |     2 |     6 |     1 ||    18
Evoke: Wand              |       |       |       |       |     3 |    11 |     3 |       |       ||    17
       Phantom mirror    |       |       |       |       |       |     1 |       |       |       ||     1
       Box of beasts     |       |       |       |       |       |       |       |     1 |       ||     1
  Use: Scroll            |       |     2 |    12 |     8 |    14 |    10 |     5 |    16 |       ||    67
       Potion            |       |       |       |     1 |     6 |     9 |       |    21 |     3 ||    40
 Stab: Sleeping          |     1 |       |       |       |       |       |       |       |       ||     1
       Distracted        |       |       |       |     1 |       |       |       |     1 |       ||     2
Armor: Animal skin       |    12 |     4 |       |       |       |       |       |       |       ||    16
       Chain mail        |       |    14 |    59 |   110 |   114 |       |       |       |       ||   297
       Plate armour      |       |       |       |       |    56 |       |       |       |       ||    56
       Crystal plate arm |       |       |       |       |   181 |   533 |   481 |   191 |       ||  1386
       Gold dragon scale |       |       |       |       |       |       |       |   292 |    42 ||   334
Dodge: Dodged            |    61 |    47 |   115 |   170 |   204 |   154 |   186 |   284 |    27 ||  1248
Block: Kite shield       |       |       |       |    31 |   278 |   434 |   542 |   627 |    34 ||  1946
       Reflection        |       |       |       |       |       |    57 |    42 |    31 |     3 ||   133
